 Dungeon Crawl Stone Soup version 0.28-a0-998-gb9e9c7b67e (webtiles) character file.

Game seed: 10755891605447493068

3409 Armakuni the Grappler (level 9, -2/88 HPs)
             Began as a Troll Hedge Wizard on Dec 5, 2021.
             Was a Follower of the Shining One.
             Asphyxiated
             ... on level 8 of the Dungeon.
             The game lasted 00:15:48 (5439 turns).

Armakuni the Grappler (Troll Hedge Wizard)          Turns: 5439, Time: 00:15:49

Health: -2/88      AC:  6    Str: 20    XL:     9   Next: 75%
Magic:  12/12      EV: 10    Int: 14    God:    the Shining One [*.....]
Gold:   396        SH:  0    Dex:  9    Spells: 6/14 levels left

rFire   . . .      SeeInvis .     - Unarmed
rCold   . . .      Faith    .   (no shield)
rNeg    . . .      Spirit   .   m - +2 robe {Archmagi}
rPois   .          Reflect  .   c - +0 hat
rElec   .          Harm     .   (no cloak)
rCorr   .          Rampage  .   (gloves unavailable)
Will    .....      Archmagi +   (boots unavailable)
Stlth   +.........              M - amulet of magic regeneration
HPRegen 1.04/turn               (no ring)
MPRegen 0.53/turn               (no ring)

@: lethally poisoned (-2 -> -23), slowed, glowing, very slow
A: large, unfitting armour, claws 3, regeneration 1, shaggy fur 1, tough skin 1
a: Renounce Religion, Divine Shield


You were on level 8 of the Dungeon.
You worshipped the Shining One.
The Shining One was aware of your devotion.
You visited 1 branch of the dungeon, and saw 8 of its levels.

You collected 510 gold pieces.
You spent 114 gold pieces at shops.

Inventory:

Armour
 c - a +0 hat (worn)
 m - a +2 robe of the Archmagi (worn)
Jewellery
 i - the ring "Yletwekew" {Fire Slay+2 Stlth+}
   (You found it on level 6 of the Dungeon)

   [ring of fire]

   It enhances your fire magic.
   Slay:      It affects your accuracy & damage with ranged weapons and melee
   (+2).
   rF:        It protects you from fire.
   rC:        It makes you vulnerable to cold.
   Stlth:     It makes you more stealthy.
 k - an amulet of regeneration
 v - a ring of protection from fire
 M - an amulet of magic regeneration (around neck)
Wands
 w - a wand of paralysis (11)
Scrolls
 f - 2 scrolls of fog
 h - 5 scrolls of teleportation
 n - a scroll of vulnerability
 p - a scroll of noise
 r - a scroll of fear
 s - 2 scrolls of identify
 t - a scroll of acquirement {unknown}
 u - a scroll of blinking {unknown}
Potions
 a - 3 potions of mutation
 b - a potion of cancellation {unknown}
 d - 3 potions of ambrosia
 e - a potion of might
 g - a potion of curing
 j - a potion of berserk rage
 l - 2 potions of heal wounds {unknown}
 o - a potion of haste {unknown}
 q - a potion of flight {unknown}


   Skills:
 - Level 5.0 Fighting
 - Level 4.0 Dodging
 - Level 1.0 Stealth
 - Level 10.0 Unarmed Combat
 + Level 3.3 Spellcasting
 - Level 0.6 Conjurations
 - Level 0.6 Summonings
 - Level 0.6 Translocations
 + Level 3.0 Ice Magic


You had 6 spell levels left.
You knew the following spells:

 Your Spells              Type           Power      Damage    Failure   Level
b - Blink                 Tloc           12%        N/A       24%         2
m - Mephitic Cloud        Conj/Pois/Air  4%         N/A       50%         3
o - Ozocubu's Armour      Ice            16%        N/A       19%         3

Your spell library contained the following spells:

 Spells                   Type           Power      Damage    Failure   Level
 Magic Dart               Conj           24%        1d4       16%         1
 Foxfire                  Conj/Fire      16%        2x1d4     19%         1
 Slow                     Hex            12%        N/A       22%         1
 Call Imp                 Summ           6%         N/A       24%         2
 Static Discharge         Conj/Air       4%         N/A       28%         2
 Conjure Flame            Conj/Fire      4%         6-21      50%         3
 Ignite Poison            Fire/Tmut/Pois 3%         N/A       54%         3
 Inner Flame              Hex/Fire       3%         N/A       54%         3
 Passage of Golubria      Tloc           6%         N/A       85%         4
 Flame Wave               Conj/Fire      4%         2d4       88%         4
 Sticky Flame             Conj/Fire      4%         2d3       88%         4
 Dispel Undead            Necr           3%         3d7       91%         4
 Metabolic Englaciation   Hex/Ice        4%         N/A       97%         5
 Silence                  Hex/Air        1%         N/A       99%         5
 Simulacrum               Ice/Necr       4%         N/A       100%        6
 Lehudib's Crystal Spear  Conj/Erth      2%         10d2      100%        8


Dungeon Overview and Level Annotations

Branches:
Dungeon (8/15)             Temple (0/1) D:5
   Lair: D:8-11

Altars:
Cheibriados
Elyvilon
Gozag
Kikubaaqudgha
Makhleb
Qazlal
Uskayaw
Xom
Zin
The Shining One

Shops:
D:1 *   D:5 ?   D:7 (   D:8 (

Annotations:
D:8 Psyche


Innate Abilities, Weirdness & Mutations

You are too large for most types of armour.
You have claws for hands.
Your natural rate of healing is unusually fast.
You are covered in fur. (AC +1)
You have tough skin. (AC +1)


Message History

The curare-tipped dart hits you.
You are more poisoned.
You have difficulty breathing.
You feel as though you will be slow longer.
Psyche says, "I'm a bad girl, but I can't do anything about it."
Psyche casts a spell.
Psyche flickers and vanishes!
Deactivating autopickup; reactivate with Ctrl-A.
You feel extremely sick.
The orc warrior throws a curare-tipped dart.
The curare-tipped dart misses you.
You feel extremely sick.
You hear a zap.
A puff of flame appears from out of thin air!
The puff of flame hits you.
You feel very sick.
Things that are here:
a +0 club; a +2 trident of venom; an orc corpse You feel very sick.
You hear a zap.
A puff of flame appears from out of thin air!
The puff of flame hits you.
* * * LOW HITPOINT WARNING * * *
The orc warrior throws a curare-tipped dart.
The curare-tipped dart hits you.
You are more poisoned.
You have difficulty breathing.
* * * LOW HITPOINT WARNING * * *
You feel as though you will be slow longer.
* * * LOW HITPOINT WARNING * * *
You feel extremely sick.
You hear a zap.
A puff of flame appears from out of thin air!
The puff of flame hits you.
* * * LOW HITPOINT WARNING * * *
The orc warrior throws a curare-tipped dart.
The curare-tipped dart hits you.
You are more poisoned.
You have difficulty breathing.
You die...

≈.≈≈≈≈≈.≈.# ≈.§...§.≈o#
≈..._.≈.≈o# ≈.≈..{≈...#
#+# ≈.≈§≈≈≈)≈.# #.#
≈......)§.# #.#
≈≈≈≈≈§§§§)# ##.##
......)...# ##...##
#.#..#.#@####..#..#
#...##.#......###.#######
###.##.##.##.## ##.......
#...........###.#######
####.##......#.## #
#######.## #.# #.# #.#


You could see an orc warrior and an orc.

Vanquished Creatures
  A two-headed ogre (D:8)
  A hornet (D:7)
  A steam dragon (D:7)
  2 water moccasins (D:7)
  Duvessa (D:5)
  2 ice beasts (D:6)
  2 sky beasts
  A black bear (D:6)
  2 ogres
  A centaur (D:7)
  2 scorpions
  A water moccasin zombie (D:5)
  Dowan (D:5)
  A wyvern skeleton (D:7)
  4 wights
  2 centaur zombies
  A bullfrog skeleton (D:6)
  4 hounds
  3 jellies
  3 centaur skeletons
  A gnoll shaman (D:6)
  4 iron imps
  Jessica (D:3)
  3 iguanas
  4 orc wizards
  A hound zombie (D:5)
  A howler monkey zombie (D:8)
  A howler monkey skeleton (D:6)
  6 gnolls
  8 adders
  2 white imps
  An ufetubus (D:4)
  5 worms
  3 dart slugs
  19 orcs
  10 endoplasms
  A giant cockroach (D:1)
  4 goblins
  5 hobgoblins
  6 jackals
  7 quokkas
  2 ball pythons
  4 bats
  3 frilled lizards
  7 kobolds
  4 rats
149 creatures vanquished.

Vanquished Creatures (others)
  An orc wizard (D:8)
  2 orcs (D:8)
3 creatures vanquished.

Grand Total: 152 creatures vanquished

Notes
Turn   | Place    | Note
-------+----------+-------------------------------------------
     0 | D:1      | Armakuni the Troll Hedge Wizard began the quest for the
                  | Orb.
     0 | D:1      | Reached XP level 1. HP: 16/16 MP: 2/2
    23 | D:1      | Found Koosy's Assorted Antiques.
    68 | D:1      | Reached skill level 1 in Unarmed Combat
    77 | D:1      | Reached XP level 2. HP: 25/26 MP: 4/4
    99 | D:1      | Bought a viscous purple potion for 21 gold pieces
   104 | D:1      | Reached skill level 1 in Fighting
   319 | D:1      | Reached XP level 3. HP: 33/33 MP: 5/5
   731 | D:2      | Reached skill level 2 in Unarmed Combat
  1214 | D:2      | Reached XP level 4. HP: 41/42 MP: 6/6
  1642 | D:3      | Noticed Jessica
  1650 | D:3      | Killed Jessica
  1717 | D:3      | Found a stormy altar of Qazlal.
  1723 | D:3      | Found a shimmering altar of Xom.
  1835 | D:3      | Reached skill level 3 in Unarmed Combat
  2026 | D:4      | HP: 1/44 [acid (6)]
  2028 | D:4      | Reached XP level 5. HP: 2/50 MP: 7/7
  2199 | D:1      | Bought a puce potion for 21 gold pieces
  2199 | D:1      | Bought 3 scrolls labelled KANGEBROIT for 72 gold pieces
  2385 | D:4      | Noticed an ogre
  2645 | D:4      | Found a burning altar of Makhleb.
  2667 | D:4      | Reached skill level 4 in Unarmed Combat
  2674 | D:4      | Reached XP level 6. HP: 27/61 MP: 8/8
  2811 | D:5      | Entered Level 5 of the Dungeon
  2811 | D:5      | Noticed Duvessa
  2811 | D:5      | Noticed Dowan
  2811 | D:5      | Found a staircase to the Ecumenical Temple.
  2820 | D:4      | Learned a level 3 spell: Mephitic Cloud
  2823 | D:4      | Learned a level 2 spell: Blink
  2874 | D:5      | Found a glowing golden altar of the Shining One.
  2891 | D:5      | Identified the +6 broad axe of Bloody Death {freeze, Dex+3}
  2917 | D:5      | Found a snail-covered altar of Cheibriados.
  2968 | D:5      | Reached skill level 5 in Unarmed Combat
  2972 | D:5      | Noticed a sky beast
  2978 | D:5      | Reached XP level 7. HP: 65/70 MP: 9/9
  3149 | D:5      | Found Aklaish's Magic Scroll Shoppe.
  3312 | D:5      | Reached skill level 5 in Fighting
  3312 | D:5      | Reached skill level 6 in Unarmed Combat
  3374 | D:5      | Became a worshipper of the Shining One
  3411 | D:5      | Reached XP level 8. HP: 42/80 MP: 10/10
  3416 | D:5      | Reached skill level 7 in Unarmed Combat
  3453 | D:5      | Killed Duvessa
  3459 | D:5      | Killed Dowan
  3756 | D:5      | Found an opulent altar of Gozag.
  3853 | D:6      | Found an opulent altar of Gozag.
  3853 | D:6      | Found a glowing silver altar of Zin.
  3885 | D:6      | Reached skill level 8 in Unarmed Combat
  3944 | D:6      | Identified the ring "Yletwekew" {Fire Slay+2 Stlth+}
  4090 | D:6      | Identified the +7 long sword of Suunn {vorpal, Str+7}
  4112 | D:6      | Reached skill level 9 in Unarmed Combat
  4474 | D:7      | Reached skill level 10 in Unarmed Combat
  4474 | D:7      | Reached XP level 9. HP: 55/88 MP: 11/11
  4530 | D:7      | Learned a level 3 spell: Ozocubu's Armour
  4629 | D:7      | Found a hide-covered altar of Uskayaw.
  4724 | D:7      | Found an ancient bone altar of Kikubaaqudgha.
  4913 | D:7      | Found Voshrell's Weapon Shoppe.
  4929 | D:7      | Reached skill level 1 in Ice Magic
  5012 | D:7      | Reached * piety under the Shining One
  5210 | D:8      | Noticed a two-headed ogre
  5221 | D:8      | Killed a two-headed ogre
  5274 | D:8      | Found Oneipt's Antique Weapon Boutique.
  5419 | D:8      | Noticed Psyche
  5421 | D:8      | Found a white marble altar of Elyvilon.
  5439 | D:8      | Asphyxiated

Illustrated notes

Levels and vault maps discovered:
D:1:      wander_arrival_estate, layout_loops_ring, serial_shops,
          nicolae_square_shop, solitary_fountain
D:2:      layout_basic
D:3:      layout_basic, chequers_temple_overflow_statue_of_worship, uniq_jessica
D:4:      layout_rooms, demons_altar
D:5:      layout_rooms, tso_metal_star, slow_altar_2,
          minmay_temple_entry_statues, serial_shops, kennysheep_little_box,
          minmay_ruined_shrine, uniq_duvessa
D:6:      layout_cave_pools, grunt_temple_overflow_gold_and_silver,
          hangedman_decor_diamond_cutter
D:7:      layout_loops_cross, nicolae_uskayaw_dance_hall,
          mainiacjoe_overflow_surrounded_room, serial_shops,
          nicolae_shop_bloodbath_and_beyond
D:8:      layout_loops_corners, mainiacjoe_overflow_concentric_impassable,
          serial_shops, shop, uniq_erica, uniq_psyche

Skill      XL: |  1  2  3  4  5  6  7  8  9 |
---------------+----------------------------+-----
Unarmed Combat | 1 2 3 4 5 6 10 | 10.0
Fighting       | 1 2 3 4 5 |  5.0
Dodging        | 4 |  4.0
Ice Magic      | 3 |  3.0
Spellcasting   | 3 |  3.3
Stealth        | |  1.0
Conjurations   | |  0.6
Summonings     | |  0.6
Translocations | |  0.6

Action                   |  1- 3 |  4- 6 |  7- 9 || total
-------------------------+-------+-------+-------++-------
Melee: Unarmed           |   116 |   144 |   238 ||   498
       Punch             |       |     1 |    14 ||    15
Evoke: Wand              |       |       |    16 ||    16
  Use: Scroll            |       |    11 |     3 ||    14
 Stab: Sleeping          |     2 |     1 |       ||     3
Armor: Robe              |    36 |    32 |    96 ||   164
Dodge: Dodged            |    52 |    68 |   120 ||   240

Table legend: (Time is in decaauts)
 A = Elapsed time spent in this place.
 B = Non-inter-level travel time spent in this place.
 C = Inter-level travel time spent in this place.
 D = Time resting spent in this place.
 E = Time spent auto-exploring this place.
 F = Levels seen in this place.
 G = Mean time per level.
                   A        B        C        D        E       F      G
               +--------+--------+--------+--------+--------+-----+--------+
         Total |   5398 |   5049 |    349 |    288 |   3184 |   8 |  674.8 |
       Dungeon |   5398 |   5049 |    349 |    288 |   3184 |   8 |  674.8 |
               +--------+--------+--------+--------+--------+-----+--------+

Top non-repeatable levels by time:
     D:2: 920 daAuts
     D:5: 883 daAuts
     D:1: 789 daAuts
     D:4: 740 daAuts
     D:7: 710 daAuts
     D:6: 603 daAuts
     D:3: 489 daAuts
     D:8: 261 daAuts
